Map: Moebius Facility XX-1

Players

Amix - Winner!

  • Race: Zerg Zerg
  • League: Platinum
  • Spawn Location: 6:00

KiR - Winner!

  • Race: Terran Terran
  • Spawn Location: 7:00

A.I. 2 (Elite)

  • Race: Terran Terran
  • Spawn Location: 12:00

A.I. 3 (Elite)

  • Race: Protoss Protoss
  • Spawn Location: 1:00

VOD

Have the link to the VOD?

Description

Time

  • Played on: Nov. 29, 2016, 12:07 p.m.
  • Length: 19:52
Show
View Real Time Build Order
Export as new Build Order

Amix Zerg - Winner!

Build Orders: Hatch First 

Get SALT Encoding   

  12  0:03  Drone  
  13  0:16  Drone  
  13  0:21  Overlord  
  14  0:26  Drone, Extractor  
  15  0:39  Drone  
  15  0:40  Drone  
  17  0:56  Hatchery  
  16  1:00  Drone  
  16  1:03  Drone, Extractor  
  17  1:17  Drone  
  18  1:24  Spawning Pool  
  17  1:33  Drone x2  
  19  1:56  Hatchery  
  18  2:03  Drone x2  
  20  2:15  Drone  
  21  2:28  Drone x4  
  25  2:33  Overlord  
  25  2:41  Roach Warren  
  24  2:51  Lair  
  24  2:55  Queen  
  24  2:58  Drone  
  27  3:02  Extractor  
  27  3:03  Drone  
  27  3:06  Drone  
  27  3:07  Drone  
  27  3:09  Drone  
  30  3:14  Overlord  
  30  3:20  Overlord  
  30  3:26  Queen  
  32  3:35  Drone x2  
  32  3:36  Drone x2  
  36  3:48  Glial Reconstitution  
  36  3:50  Roach x3  
  42  3:58  Roach x3  
  42  4:01  Roach  
  50  4:04  Roach  
  50  4:07  Roach  
  54  4:11  Overlord  
  54  4:13  Zergling x2  
  54  4:16  Roach  
  57  4:21  Drone  
  57  4:23  Overlord  
  58  4:24  Overlord  
  58  4:35  Drone x4  
  62  4:42  Roach x2  
  66  4:46  Drone  
  66  4:49  Queen  
  69  4:54  Drone x2  
  69  4:55  Drone  
  72  5:04  Evolution Chamber  
  72  5:05  Extractor x2  
  72  5:06  Drone x5, Evolution Chamber  
  73  5:10  Overlord  
  73  5:24  Roach  
  73  5:25  Roach x3  
  81  5:33  Roach x2  
  81  5:34  Overlord x2  
  81  5:35  Overlord  
  85  5:45  Roach  
  85  5:47  Drone x5  
  90  5:54  Zerg Missile Weapons Level 1  
  90  6:02  Ravager  
  91  6:09  Drone x6  
  91  6:10  Drone x3  
  99  6:15  Zerg Ground Armor Level 1  
  99  6:22  Drone x8, Extractor  
  99  6:23  Extractor  
  105  6:37  Roach x4  
  105  6:38  Overlord  
  105  6:39  Overlord  
  113  6:49  Infestation Pit  
  112  6:56  Drone  
  112  6:57  Drone  
  114  7:06  Drone  
  114  7:07  Drone, Hydralisk Den  
  117  7:08  Roach  
  117  7:09  Roach x3  
  117  7:11  Hydralisk Den  
  122  7:37  Drone x6  
  122  7:38  Drone x2  
  130  7:44  Hive  
  130  7:49  Zerg Missile Weapons Level 2  
  130  7:52  Overlord x4  
  130  7:53  Overlord x8  
  130  8:04  Hatchery  
  129  8:07  Hatchery  
  129  8:09  Zerg Ground Armor Level 2  
  128  8:14  Overseer  
  128  8:15  Overseer  
  128  8:16  Hydralisk x2  
  128  8:17  Hydralisk x4  
  140  8:25  Grooved Spines  
  140  8:41  Hydralisk x4  
  140  8:42  Hydralisk  
  150  8:59  Hydralisk, Muscular Augments  
  150  9:00  Hydralisk  
  137  9:48  Roach x3  
  137  9:49  Hydralisk x3, Roach x3, Zergling x6  
  137  9:50  Hydralisk x6  
  170  9:53  Extractor  
  170  9:56  Lurker Den, Extractor  
  170  9:57  Extractor  
  170  9:58  Extractor  
  166  10:39  Hydralisk  
  166  10:40  Hydralisk x9  
  166  10:41  Hydralisk x4  
  194  10:46  Zerg Melee Weapons Level 1  
  194  11:06  Ravager x3  
  194  11:07  Ravager x3  
  200  12:03  Zerg Ground Armor Level 3  
  200  12:25  Pneumatized Carapace  
  69  13:24  Roach x5  
  69  13:25  Roach x27  
  129  13:41  Roach  
  129  13:42  Roach x4  
  139  13:52  Spire  
  130  14:02  Hydralisk x4  
  130  14:03  Hydralisk x4  
  147  14:18  Zerg Missile Weapons Level 3  
  143  14:33  Hatchery  
  134  15:14  Greater Spire  
  134  15:15  Corruptor x3  
  134  15:16  Corruptor x10  
  134  15:17  Corruptor x9  
  134  15:18  Corruptor  
  134  16:32  Extractor  
  133  16:33  Extractor  
  122  16:55  Brood Lord  
  124  17:04  Brood Lord x4  
  132  17:11  Brood Lord x3  
  138  17:29  Hatchery  
  125  18:06  Corruptor x9  
Show
View Real Time Build Order
Export as new Build Order

KiR Terran - Winner!

Build Orders: MMM Bio 

Get SALT Encoding   

  12  0:02  SCV  
  13  0:17  Supply Depot  
  13  0:18  SCV  
  14  0:30  SCV  
  15  0:41  Barracks  
  15  0:43  SCV  
  16  0:56  SCV  
  16  0:57  Refinery  
  17  1:08  SCV  
  18  1:20  SCV  
  19  1:36  SCV  
  20  1:40  Marine  
  20  1:42  Command Center  
  21  1:52  Orbital Command  
  21  2:25  SCV  
  21  2:26  Marine  
  23  2:30  Supply Depot  
  23  2:35  Refinery  
  23  2:40  Factory  
  23  2:52  SCV  
  23  2:55  Barracks Tech Lab  
  24  2:59  Supply Depot  
  24  3:05  SCV  
  25  3:11  Orbital Command  
  25  3:16  Marauder, Stimpack  
  27  3:24  Factory Tech Lab  
  27  3:25  Starport  
  27  3:27  Bunker  
  27  3:33  SCV  
  28  3:40  Marauder  
  30  3:47  SCV  
  30  3:48  SCV  
  32  3:52  Siege Tank  
  35  3:59  SCV  
  35  4:00  SCV  
  37  4:07  Barracks  
  37  4:12  SCV  
  37  4:15  Refinery  
  37  4:16  SCV  
  37  4:17  Refinery  
  39  4:20  Marauder  
  39  4:24  SCV, Medivac  
  44  4:39  Siege Tank  
  44  4:40  SCV x2  
  44  4:43  Supply Depot  
  49  4:55  Liberator  
  49  4:56  SCV  
  49  4:57  SCV  
  51  5:07  Bunker  
  51  5:11  Marauder, Barracks Reactor  
  56  5:24  SCV x2, Bunker  
  58  5:36  SCV, Siege Tank  
  62  5:46  Supply Depot x2  
  62  6:07  SCV x2  
  62  6:09  Command Center  
  64  6:17  Marauder  
  66  6:19  Marine x2  
  68  6:41  Marine x2, Marauder  
  72  6:54  Supply Depot  
  72  6:58  SCV x2  
  74  7:04  Engineering Bay  
  74  7:08  Armory  
  74  7:11  SCV x2  
  76  7:18  Supply Depot  
  76  7:21  Medivac, Siege Tank  
  81  7:23  SCV  
  71  7:30  Marine x2, Marauder  
  71  7:35  SCV  
  71  7:36  Orbital Command  
  76  7:41  Bunker  
  76  7:42  SCV  
  77  7:47  SCV  
  77  7:50  Sensor Tower  
  78  7:54  SCV  
  79  7:59  SCV  
  79  8:04  Siege Tank  
  83  8:05  Medivac  
  83  8:06  SCV  
  86  8:15  Refinery, Marine  
  86  8:16  Marine, Marauder, Refinery  
  89  8:30  Combat Shields  
  89  8:33  Marine x2  
  91  8:35  Medivac  
  91  8:36  Siege Tank  
  91  8:37  Marauder  
  98  8:56  Marine x2  
  98  8:59  Marauder  
  102  9:06  SCV x2  
  104  9:14  Marine x2  
  104  9:16  Missile Turret  
  106  9:20  Marauder  
  108  9:32  Marine  
  108  9:38  Terran Vehicle Weapons Level 1  
  109  9:39  Marine, Terran Infantry Weapons Level 1  
  109  9:41  Marauder  
  109  9:44  Medivac  
  109  9:45  Siege Tank  
  117  9:48  Concussive Shells  
  117  9:50  Marine  
  118  9:57  Marine  
  119  10:03  Marauder  
  120  10:07  Marine  
  121  10:15  Marine  
  121  10:21  Medivac  
  124  10:25  Marine  
  125  10:43  Supply Depot  
  125  10:45  Fusion Core, Supply Depot  
  125  10:51  Starport, Starport Tech Lab  
  125  10:57  Marine  
  125  11:00  Liberator  
  125  11:05  Marine, Marauder  
  131  11:15  Marine  
  135  11:20  Thor  
  135  11:23  Marine  
  138  11:25  Supply Depot  
  138  11:27  Marauder  
  136  11:33  Marine, Terran Infantry Armor Level 1  
  137  11:48  Marauder  
  139  12:10  Marauder  
  141  12:28  Marine x2  
  143  12:31  Marauder  
  145  12:47  Marine x2  
  147  12:52  Marauder  
  147  12:54  Thor  
  155  12:59  Terran Vehicle Weapons Level 2  
  155  13:02  Starport  
  155  13:03  Starport  
  155  13:04  Marine  
  136  13:27  Marine x2, Marauder  
  140  13:45  Marine x2  
  143  13:48  Marauder  
  141  14:13  Marine x2, Marauder  
  143  14:33  Marine x2  
  143  14:35  Marauder  
  145  14:51  Marine x2  
  147  14:56  Marauder  
  118  16:11  Command Center  
  118  16:12  Refinery  
  118  16:22  Command Center, Starport Tech Lab  
  118  16:23  Starport Tech Lab  
  118  16:24  Starport Tech Lab  
  118  16:25  Medivac  
  120  16:26  Marine x2  
  120  16:27  Marauder  
  120  16:28  Siege Tank  
  98  16:50  Marine x2, Marauder  
  98  16:52  Battlecruiser x2  
  98  16:53  Medivac  
  116  16:55  Medivac  
  116  17:00  Thor  
  121  17:11  SCV x3  
  124  17:23  Battlecruiser, SCV x2  
  124  17:29  Refinery  
  132  17:33  Marine x2, Marauder  
  134  17:45  Orbital Command x2  
  129  17:52  Sensor Tower  
  129  17:56  Refinery, Command Center  
  129  17:57  Marine x2, Marauder  
  129  17:58  Refinery, Siege Tank  
  135  18:09  Liberator  
  135  18:10  Liberator  
  135  18:14  Marine  
  135  18:15  Marine  
  135  18:19  Marauder  
  139  18:25  Battlecruiser x2  
  154  18:30  Thor  
  154  18:32  Marine x2  
  165  18:40  Marauder  
  167  18:50  Marine x2  
  169  19:01  Marauder  
  171  19:08  Marine x2  
  173  19:23  Marauder  
  186  19:26  Marine x2  
Show
View Real Time Build Order
Export as new Build Order

A.I. 2 (Elite) Terran 

Build Orders: Bio Tank 

Get SALT Encoding   

  12  0:01  SCV  
  13  0:13  SCV  
  14  0:20  Supply Depot  
  14  0:25  SCV  
  15  0:42  SCV  
  16  0:44  Barracks  
  16  0:54  SCV  
  17  1:06  SCV  
  18  1:17  Supply Depot  
  18  1:18  SCV  
  18  1:22  Refinery  
  19  1:30  SCV  
  19  1:32  Marine  
  21  1:42  SCV  
  22  1:49  Marine  
  22  1:51  Barracks  
  23  1:55  Refinery, SCV  
  24  2:05  Supply Depot  
  24  2:07  Marine, SCV  
  26  2:19  SCV  
  27  2:25  Marine  
  28  2:30  Factory  
  28  2:31  Orbital Command  
  28  2:37  Marine  
  29  2:46  Marine  
  30  2:55  Marine  
  30  2:57  SCV  
  32  3:09  SCV  
  32  3:11  Command Center  
  33  3:20  Marine  
  33  3:21  SCV  
  33  3:24  Marine  
  36  3:33  SCV  
  37  3:45  SCV  
  38  3:49  Factory Tech Lab  
  38  3:57  SCV  
  38  4:00  Starport  
  38  4:01  Supply Depot  
  39  4:21  Barracks  
  39  4:22  Marine x2, SCV x2  
  43  4:31  Siege Tank  
  43  4:34  SCV  
  43  4:35  SCV  
  48  4:40  Marine x2  
  48  4:44  Supply Depot  
  50  4:47  SCV x2  
  50  4:48  Starport Tech Lab  
  52  4:58  Marine x2  
  52  4:59  SCV x2, Supply Depot  
  56  5:08  Barracks Tech Lab  
  56  5:11  SCV x2  
  58  5:23  SCV, Orbital Command  
  58  5:26  Combat Shields  
  58  5:27  Marauder  
  61  5:36  Engineering Bay  
  61  5:37  Command Center  
  61  5:48  Marauder  
  63  6:01  Engineering Bay  
  63  6:02  Barracks Tech Lab  
  63  6:03  Terran Infantry Armor Level 1  
  63  6:04  Barracks Reactor  
  63  6:09  Siege Tank  
  63  6:10  Marauder  
  68  6:14  Supply Depot  
  68  6:20  Stimpack  
  68  6:21  Marauder  
  70  6:27  Terran Infantry Weapons Level 1  
  70  6:31  Marauder  
  72  6:38  Medivac  
  72  6:39  Barracks  
  74  6:41  Siege Tank  
  74  6:42  Marauder  
  74  6:45  Supply Depot  
  79  6:49  SCV x2  
  79  6:50  SCV  
  79  6:52  Marauder  
  84  7:03  Marauder  
  86  7:11  Refinery  
  86  7:14  Concussive Shells  
  86  7:15  Marauder  
  88  7:17  Refinery  
  88  7:21  Siege Tank  
  88  7:22  Orbital Command  
  91  7:25  Marauder  
  91  7:26  Missile Turret  
  93  7:35  Command Center  
  93  7:44  Medivac, Missile Turret  
  93  7:46  Marine  
  93  7:50  Marauder  
  98  7:55  Supply Depot  
  98  8:01  SCV  
  98  8:05  Marauder, Siege Tank  
  103  8:20  Missile Turret  
  103  8:24  Supply Depot  
  103  8:32  Armory  
  97  8:37  Siege Tank  
  97  8:38  Marine x2  
  92  8:42  Marauder  
  95  8:48  SCV  
  95  8:50  SCV  
  95  8:54  SCV  
  97  8:56  Marauder, SCV  
  97  9:00  SCV  
  101  9:03  SCV  
  101  9:06  SCV  
  101  9:09  Widow Mine  
  105  9:12  SCV  
  106  9:19  Marauder x2  
  106  9:20  Terran Infantry Weapons Level 2, Liberator  
  110  9:38  Siege Tank  
  116  9:40  Marauder x2  
  116  9:43  Supply Depot  
  120  9:48  Refinery  
  120  9:49  Command Center  
  120  10:02  Marauder x2  
  120  10:03  Liberator  
  124  10:09  Supply Depot  
  124  10:10  Siege Tank  
  124  10:11  SCV  
  124  10:12  SCV  
  129  10:16  Refinery  
  129  10:18  SCV  
  132  10:23  Marauder x2  
  136  10:34  Supply Depot  
  136  10:38  SCV  
  136  10:39  SCV x2  
  136  10:40  Marine x2  
  136  10:42  Siege Tank  
  144  10:44  Marauder  
  144  10:45  Marauder  
  144  10:46  Liberator  
  148  10:57  Missile Turret  
  148  10:58  SCV  
  148  10:59  Supply Depot  
  151  11:06  Marauder  
  153  11:12  Terran Vehicle Weapons Level 1  
  153  11:13  Command Center  
  153  11:14  Siege Tank  
  156  11:25  Supply Depot  
  156  11:26  Marine  
  156  11:29  Liberator  
  156  11:32  Missile Turret  
  157  11:33  SCV  
  157  11:34  SCV  
  157  11:35  SCV  
  146  11:45  SCV  
  146  11:46  Siege Tank  
  149  11:47  SCV  
  149  11:51  SCV  
  151  11:54  Command Center  
  151  11:56  Supply Depot  
  151  11:57  SCV  
  151  11:59  SCV  
  152  12:03  SCV  
  152  12:06  Refinery  
  153  12:12  Liberator  
  153  12:18  Refinery, Siege Tank  
  153  12:21  Factory  
  159  12:35  Missile Turret  
  159  12:39  Supply Depot  
  159  12:43  Armory  
  159  12:46  SCV  
  159  12:47  Marine, SCV x2  
  159  12:50  Siege Tank  
  160  12:55  Liberator  
  156  12:58  Marauder  
  156  13:00  Marine x2  
  156  13:04  Marine, Supply Depot  
  156  13:05  Hellion, Marauder  
  106  13:18  Marine  
  106  13:19  Marine  
  101  13:20  Marine  
  101  13:22  Marine  
  101  13:23  Hellion  
  101  13:26  Factory Tech Lab  
  105  13:27  Marauder  
  107  13:36  Command Center  
  107  13:37  Liberator  
  107  13:38  Marauder  
  109  13:44  Hellion, Siege Tank  
  114  13:48  Marauder  
  119  13:59  Marauder  
  121  14:05  Hellion  
  121  14:08  Factory  
  123  14:10  Marauder  
  123  14:16  Hellion  
  127  14:20  Liberator  
  127  14:21  Marauder  
  129  14:27  Hellion  
  133  14:31  Marauder  
  133  14:34  Terran Vehicle And Ship Armor Level 1  
  133  14:36  Infernal Pre-Igniter  
  133  14:37  Terran Infantry Weapons Level 3, Widow Mine  
  138  14:42  Marauder  
  138  14:45  Terran Infantry Armor Level 2  
  140  14:47  Widow Mine  
  140  14:50  SCV x3  
  140  14:51  SCV  
  148  14:53  Marauder  
  148  14:57  Widow Mine  
  150  15:03  Marauder, Liberator  
  150  15:06  Command Center, Widow Mine  
  156  15:14  Marauder  
  159  15:25  Marauder  
  158  15:30  Siege Tank  
  158  15:31  Hellion  
  158  15:33  Marine  
  158  15:35  Marauder  
  158  15:36  Marine  
  158  15:37  Marine  
  158  15:42  Hellion  
  134  15:46  Marauder, Liberator  
  124  15:51  Marine  
  124  15:52  Hellion  
  124  15:54  Marine x2  
  120  15:57  Marauder  
  120  16:03  Siege Tank  
  126  16:04  Siege Tank  
  126  16:07  Marine  
  126  16:09  Marine  
  126  16:11  Refinery  
  131  16:12  Marine  
  131  16:16  Refinery  
  134  16:18  Marauder, SCV  
  134  16:19  SCV x3  
  134  16:20  SCV x2  
  141  16:25  Marauder  
  141  16:29  Liberator  
  141  16:30  Marine, SCV  
  141  16:31  Marine, SCV  
  141  16:32  SCV  
  146  16:33  SCV  
  146  16:35  SCV, Siege Tank  
  146  16:36  SCV, Siege Tank  
  146  16:38  Marine  
  131  16:40  Marauder  
  131  16:43  Hellion, SCV  
  100  16:47  Marauder, SCV  
  100  16:48  Marine x2, SCV x2  
  100  16:49  SCV  
  103  16:56  Marine  
  103  17:00  Marine  
  105  17:04  Hellion  
  105  17:06  Marine x2  
  105  17:08  Hellion, Marine  
  112  17:10  Hellion  
  112  17:11  Liberator  
  112  17:14  Marine  
  115  17:19  Marauder  
  117  17:24  Marine x2  
  117  17:26  Hellion, Marauder  
  117  17:29  Siege Tank  
  129  17:31  Widow Mine  
  129  17:32  Marine  
  132  17:40  Marauder  
  132  17:41  Marine  
  132  17:42  Marine  
  117  17:47  Marauder  
  117  17:50  Marine, Refinery  
  99  17:53  Refinery  
  99  17:54  Liberator  
  89  17:59  Marine  
  89  18:00  Marine, Siege Tank  
  89  18:01  Marine, Hellion  
  88  18:08  Marine x2  
  89  18:17  Marine, SCV  
  89  18:18  SCV  
  89  18:19  Marine, SCV  
  92  18:22  SCV  
  92  18:23  SCV  
  92  18:27  Marauder  
  92  18:29  Marine, SCV  
  92  18:32  Siege Tank  
  92  18:33  SCV  
  89  18:34  SCV  
  89  18:35  Marine, SCV  
  89  18:37  Marine  
  90  18:46  Marine  
  82  18:53  Marine  
  82  18:54  Viking  
  82  18:55  Marauder  
  79  18:56  SCV  
  79  18:57  SCV  
  79  18:58  SCV x2  
  80  19:04  Marine, Siege Tank  
  80  19:08  SCV  
  70  19:11  Marine  
  70  19:14  SCV  
  67  19:18  SCV  
  67  19:22  Marine  
  53  19:26  SCV  
  53  19:29  Marine  
Show
View Real Time Build Order
Export as new Build Order

A.I. 3 (Elite) Protoss 

Build Orders: 1 Gate Expand, Zealot Archon 

Get SALT Encoding   

  12  0:01  Probe (Chrono Boost)  
  13  0:11  Probe (Chrono Boost)  
  14  0:20  Pylon  
  14  0:22  Probe (Chrono Boost)  
  15  0:39  Probe (Chrono Boost)  
  16  0:47  Assimilator  
  16  0:49  Probe (Chrono Boost)  
  17  0:50  Gateway  
  17  1:00  Probe (Chrono Boost), Pylon  
  18  1:10  Probe (Chrono Boost)  
  19  1:21  Probe (Chrono Boost)  
  20  1:31  Probe (Chrono Boost)  
  21  1:39  Nexus  
  21  1:42  Probe (Chrono Boost)  
  21  1:44  Zealot  
  24  1:54  Probe (Chrono Boost)  
  25  2:01  Cybernetics Core  
  25  2:11  Gateway  
  25  2:18  Pylon  
  25  2:20  Zealot  
  25  2:26  Probe (Chrono Boost)  
  28  2:31  Warp Gate  
  29  2:38  Assimilator, Probe (Chrono Boost)  
  29  2:45  Adept  
  29  2:49  Probe (Chrono Boost)  
  32  2:57  Adept  
  35  2:59  Probe (Chrono Boost)  
  35  3:07  Probe (Chrono Boost)  
  35  3:10  Pylon  
  35  3:11  Adept  
  38  3:21  Stalker  
  38  3:23  Probe (Chrono Boost)  
  38  3:26  Probe (Chrono Boost)  
  42  3:34  Probe (Chrono Boost)  
  43  3:38  Probe (Chrono Boost)  
  43  3:40  Robotics Facility  
  44  3:45  Probe (Chrono Boost)  
  44  3:47  Adept  
  46  3:49  Probe (Chrono Boost)  
  48  3:57  Probe (Chrono Boost), Adept  
  48  4:00  Probe (Chrono Boost)  
  52  4:09  Probe (Chrono Boost)  
  53  4:10  Pylon  
  53  4:11  Probe (Chrono Boost)  
  54  4:20  Probe (Chrono Boost)  
  54  4:23  Probe (Chrono Boost)  
  56  4:24  Stalker  
  56  4:25  Immortal  
  63  4:31  Probe (Chrono Boost)  
  63  4:34  Probe (Chrono Boost)  
  63  4:36  Stalker  
  66  4:41  Pylon  
  66  4:42  Probe (Chrono Boost)  
  66  4:45  Probe (Chrono Boost)  
  68  4:51  Robotics Facility  
  68  4:58  Stalker  
  70  5:01  Immortal, Probe (Chrono Boost)  
  70  5:03  Probe (Chrono Boost)  
  76  5:12  Pylon  
  76  5:15  Pylon  
  76  5:16  Stalker  
  78  5:24  Assimilator  
  78  5:27  Twilight Council  
  78  5:30  Sentry  
  78  5:31  Probe x2 (Chrono Boost), Assimilator  
  82  5:41  Pylon  
  82  5:47  Gateway  
  82  5:48  Probe (Chrono Boost)  
  82  5:49  Probe (Chrono Boost)  
  84  5:59  Zealot, Probe (Chrono Boost)  
  84  6:00  Probe (Chrono Boost)  
  84  6:03  Pylon  
  88  6:08  Templar Archives  
  88  6:10  Probe (Chrono Boost)  
  89  6:17  Zealot  
  91  6:21  Forge  
  91  6:23  Nexus  
  91  6:30  Stalker  
  93  6:35  Stalker  
  95  6:41  Stalker  
  95  6:44  Pylon  
  97  6:49  Forge  
  97  6:51  Sentry  
  97  6:52  Protoss Ground Weapons Level 1  
  99  6:56  High Templar  
  101  7:01  High Templar  
  102  7:09  Pylon  
  102  7:14  Gateway  
  102  7:15  Observer  
  102  7:16  Protoss Ground Armor Level 1  
  103  7:25  Photon Cannon  
  103  7:26  Warp Prism  
  103  7:27  Archon  
  103  7:29  High Templar  
  107  7:32  Photon Cannon  
  107  7:36  Probe x2 (Chrono Boost), Pylon  
  110  7:37  Probe (Chrono Boost)  
  110  7:39  Assimilator  
  110  7:44  Pylon  
  110  7:45  Assimilator, High Templar  
  110  7:48  Probe x2 (Chrono Boost)  
  110  7:49  Stalker, Probe (Chrono Boost)  
  117  7:57  Archon  
  117  7:58  Photon Cannon  
  118  7:59  Probe (Chrono Boost), Stalker, Photon Cannon  
  118  8:00  Probe x2 (Chrono Boost)  
  122  8:07  Photon Cannon, High Templar  
  122  8:11  Probe (Chrono Boost)  
  122  8:12  Probe (Chrono Boost), Pylon  
  127  8:13  Probe (Chrono Boost)  
  127  8:18  High Templar  
  129  8:20  Stalker  
  129  8:23  Probe (Chrono Boost)  
  129  8:24  Stalker, Probe (Chrono Boost)  
  129  8:25  Probe (Chrono Boost)  
  129  8:26  Nexus  
  136  8:32  Archon  
  137  8:34  Probe (Chrono Boost)  
  137  8:36  Probe (Chrono Boost)  
  137  8:37  Probe (Chrono Boost)  
  137  8:38  Zealot  
  141  8:42  Zealot  
  141  8:45  High Templar  
  145  8:49  Zealot  
  145  8:50  Pylon  
  145  8:54  Immortal  
  147  8:57  Sentry  
  147  8:59  Blink  
  147  9:01  Zealot  
  155  9:05  Protoss Ground Weapons Level 2  
  155  9:07  Zealot  
  155  9:08  Photon Cannon  
  157  9:10  Photon Cannon  
  157  9:13  Pylon  
  157  9:15  High Templar  
  159  9:18  Zealot, Observer  
  160  9:25  Zealot  
  160  9:26  Zealot  
  140  9:33  Probe (Chrono Boost), Observer  
  140  9:35  Probe (Chrono Boost)  
  140  9:36  Probe (Chrono Boost)  
  140  9:37  Warp Prism  
  101  9:38  Probe (Chrono Boost)  
  101  9:39  Zealot  
  101  9:45  Stalker, Probe (Chrono Boost)  
  87  9:46  Adept  
  87  9:47  Probe (Chrono Boost), High Templar  
  83  9:58  Stalker  
  81  10:04  Stalker  
  83  10:11  Stalker  
  85  10:16  Adept  
  85  10:17  Probe (Chrono Boost)  
  85  10:18  Probe (Chrono Boost)  
  85  10:20  Probe (Chrono Boost)  
  91  10:22  Probe (Chrono Boost)  
  91  10:24  Archon, High Templar  
  94  10:28  Probe (Chrono Boost)  
  94  10:29  Probe (Chrono Boost)  
  94  10:31  Probe (Chrono Boost)  
  94  10:32  High Templar  
  94  10:33  Probe (Chrono Boost)  
  99  10:36  Stalker  
  99  10:40  Probe x2 (Chrono Boost)  
  99  10:42  Probe (Chrono Boost)  
  102  10:45  Probe (Chrono Boost)  
  102  10:47  Stalker  
  104  10:51  Probe (Chrono Boost)  
  104  10:54  Probe (Chrono Boost)  
  104  10:55  Stalker  
  104  10:56  Probe (Chrono Boost)  
  110  10:57  Probe (Chrono Boost)  
  110  11:02  Stalker  
  110  11:03  Probe (Chrono Boost)  
  110  11:04  Sentry  
  115  11:05  Archon  
  115  11:06  Probe (Chrono Boost)  
  115  11:08  Probe (Chrono Boost)  
  115  11:09  High Templar  
  115  11:10  Probe (Chrono Boost)  
  120  11:14  Probe (Chrono Boost)  
  120  11:16  High Templar  
  120  11:17  Probe (Chrono Boost)  
  124  11:19  Probe (Chrono Boost)  
  124  11:21  Probe (Chrono Boost)  
  124  11:23  Zealot  
  124  11:25  Zealot  
  127  11:26  Probe (Chrono Boost)  
  127  11:29  Probe (Chrono Boost)  
  127  11:31  Probe (Chrono Boost)  
  129  11:38  Probe (Chrono Boost)  
  129  11:39  Zealot  
  125  11:40  Probe (Chrono Boost)  
  125  11:42  Zealot  
  120  11:52  Archon  
  120  11:53  High Templar  
  122  12:01  High Templar  
  122  12:04  Nexus  
  124  12:17  Archon  
  124  12:18  High Templar  
  126  12:24  Probe (Chrono Boost)  
  126  12:26  High Templar  
  130  12:30  Probe (Chrono Boost)  
  130  12:36  Probe (Chrono Boost)  
  131  12:41  Zealot, Probe (Chrono Boost)  
  134  12:47  Probe (Chrono Boost)  
  133  12:54  Pylon  
  133  13:05  Archon  
  125  13:13  Nexus  
  125  13:16  Probe (Chrono Boost)  
  125  13:19  Probe (Chrono Boost)  
  122  13:27  Probe (Chrono Boost)  
  122  13:28  Zealot  
  122  13:31  Probe (Chrono Boost)  
  122  13:32  Nexus  
  125  13:38  Probe (Chrono Boost)  
  71  14:37  Zealot, Stalker  
  71  14:38  Probe x2 (Chrono Boost)  
  71  14:39  Probe (Chrono Boost)  
  37  15:04  High Templar  
  27  15:11  High Templar  
  21  15:36  Archon, High Templar  
  20  15:43  High Templar  
  20  15:51  High Templar  
  17  16:24  High Templar  
  17  16:31  High Templar  
  17  16:39  Archon  
  17  16:40  High Templar  
  21  16:47  High Templar  
  21  16:48  Probe (Chrono Boost)  
  19  16:59  Archon  
  19  17:00  Probe (Chrono Boost)  
Tags
 
Add a new tag
Caveats
  • Supply blocks, unpowered buildings, or Contaminate may cause inaccurate times.
  • Supply counts are checked every 10 seconds.